 Dungeon Crawl Stone Soup version 0.24-a0-408-gcc1054c7ca (webtiles) character file.

Game seed: 10640481340264292549

77 Kuinu the Skirmisher (level 4, 0/41 HPs)
             Began as a Minotaur Berserker on June 5, 2019.
             Was a Believer of Trog.
             Slain by a gnoll
             ... wielding a +0 flail
              (13 damage)
             ... on level 2 of the Dungeon.
             The game lasted 00:01:28 (729 turns).

Kuinu the Skirmisher (Minotaur Berserker)            Turns: 729, Time: 00:01:29

Health: 0/41       AC:  5    Str: 22    XL:     4   Next: 13%
Magic:  3/3        EV: 11    Int:  4    God:    Trog [**....]
Gold:   76         SH:  0    Dex: 10    Spells: 3/3 levels left

rFire    . . .     SeeInvis .   a - +0 hand axe
rCold    . . .     Gourm    .   (no shield)
rNeg     . . .     Faith    .   i - +0 ring mail
rPois    .         Spirit   .   (helmet restricted)
rElec    .         Reflect  .   (no cloak)
rCorr    .         Harm     .   (no gloves)
MR       .....                  (no boots)
Stlth    ..........             (no amulet)
HPRegen  0.13/turn              (no ring)
MPRegen  0.08/turn              (no ring)

@: no status effects
A: retaliatory headbutt, horns 2
a: Berserk, Trog's Hand, Renounce Religion


You were on level 2 of the Dungeon.
You worshipped Trog.
Trog was pleased with you.
You were not hungry.

You visited 1 branch of the dungeon, and saw 2 of its levels.

You collected 76 gold pieces.

Inventory:

Hand Weapons
 a - a +0 hand axe (weapon)
Armour
 b - a +0 animal skin
 i - a +0 ring mail (worn)
Scrolls
 e - a scroll of teleportation {unknown}
 h - 2 scrolls of identify {unknown}
Potions
 f - a potion of might {unknown}
 g - a potion of berserk rage {unknown}
Comestibles
 c - a ration


   Skills:
 * Level 4.5 Fighting
 * Level 4.4 Axes
 * Level 3.4 Armour
 + Level 2.6 Dodging


You had 3 spell levels left.
You didn't know any spells.
Your spell library was empty.

Dungeon Overview and Level Annotations

Branches:
Dungeon (2/15)

Altars:


Innate Abilities, Weirdness & Mutations

You reflexively headbutt those who attack you in melee.
You have a pair of horns on your head.


Message History

The goblin shouts!
You hit the gnoll but do no damage.
The gnoll is heavily wounded.
You hit the plant. The gnoll hits you with a +0 flail.
You hit the gnoll but do no damage.
The gnoll is heavily wounded.
You slash the plant! The gnoll hits you but does no damage.
A gnoll comes into view.
The gnoll shouts!
You hit the gnoll. Your headbutt misses the gnoll.
The gnoll is heavily wounded.
You hit the plant but do no damage. The gnoll hits you with a +0 flail.
You see here a frilled lizard corpse.
The kobold misses you. You furiously retaliate!
You headbutt the kobold!
You kill the kobold!
Trog accepts your kill.
There is a stone staircase leading up here.
You can't go down here!
The gnoll hits you with a +0 flail!
You die...

..............
#.........#.##. #
#..............
#.#........≈≈.≈≈.
#...).†...P≈≈≈.≈≈
#.........≈≈≈≈≈≈
##......)≈♣g≈≈≈≈
#.....w....g.≈♣
#....@g†P≈≈≈≈.≈
#....†....♣♣...
#.........# .
##.......##
##.....## #######


You could see a worm, 2 gnolls and a goblin.

Vanquished Creatures
  A hound (D:2)
  An adder (D:2)
  An ooze (D:1)
  A worm (D:2)
  A dart slug (D:1)
  A leopard gecko (D:2)
  A giant cockroach (D:2)
  4 hobgoblins
  3 jackals (D:1)
  4 kobolds
  6 bats
  A frilled lizard (D:2)
  2 goblins
  A rat (D:1)
28 creatures vanquished.

Notes
Turn   | Place    | Note
-------+----------+-------------------------------------------
     0 | D:1      | Kuinu the Minotaur Berserker began the quest for the Orb.
     0 | D:1      | Reached XP level 1. HP: 19/19 MP: 0/0
    66 | D:1      | Reached XP level 2. HP: 23/27 MP: 1/1
   702 | D:2      | Reached XP level 3. HP: 32/33 MP: 2/2
   713 | D:2      | Reached ** piety under Trog
   713 | D:2      | Reached XP level 4. HP: 29/41 MP: 3/3
   729 | D:2      | Slain by a gnoll

Levels and vault maps discovered:
D:1:      scummos_arrival_hexagon, layout_loops_ring, minivault_5
D:2:      layout_rooms, serial_bayou_pond_b, minmay_fractal_squares_5

Skill      XL: |  1  2 |
---------------+-------+-----
Axes           | 4 |  4.4
Fighting       | 4 |  4.5
Armour         | 3 |  3.4
Dodging        | |  2.6

Action                   |  1- 3 |  4- 6 || total
-------------------------+-------+-------++-------
Melee: Hand axe          |    41 |     8 ||    49
       Headbutt          |     7 |     1 ||     8
 Stab: Sleeping          |     3 |       ||     3
Armor: Animal skin       |     7 |       ||     7
       Ring mail         |     5 |     3 ||     8
Dodge: Dodged            |    36 |     2 ||    38

Table legend:
 A = Non-vault XP
 B = Vault XP
 C = Vault XP percentage of total XP
 D = Non-vault monster count
 E = Vault monster count
 F = Vault count percentage of total count
                 A         B        C        D         E       F
            +---------+---------+-------+---------+---------+-------
      Total |     106 |       4 |   3.6 |      26 |       2 |   7.1
            +---------+---------+-------+---------+---------+-------
        D:1 |      37 |       0 |   0.0 |      18 |       0 |   0.0
        D:2 |      69 |       4 |   5.5 |       8 |       2 |  20.0
            +---------+---------+-------+---------+---------+-------
